 Dungeon Crawl Stone Soup version 0.18.1-2-ga659475 (webtiles) character file.

12110 Implojin the Martial Artist (level 11, 0/89 HPs)
             Began as a Mummy Monk on May 8, 2016.
             Slain by a spiny frog (2 damage)
             ... on level 3 of the Lair of Beasts on May 9, 2016.
             The game lasted 02:05:07 (34187 turns).

Implojin the Martial Artist (Mummy Monk)           Turns: 34187, Time: 02:05:08

Health: 0/89       AC:  6    Str: 15    XL:     11   Next: 58%
Magic:  11/11      EV: 21    Int: 10    God:
Gold:   123        SH:  0    Dex: 17    Spells: 0 memorised, 10 levels left

rFire  x . .     SeeInvis .       - Unarmed
rCold  + . .     Gourm    .     (no armour)
rNeg   + + +     Faith    .     (no shield)
rPois  ∞         Spirit   .     m - +2 helmet
rElec  .         Dismiss  .     E - +1 cloak
rCorr  .         Reflect  .     (no gloves)
SustAt .         Harm     .     t - +0 pair of boots
MR     ++...                    (no amulet)
Stlth  ++........               q - ring of protection from magic
                                A - +2 ring of evasion

@: very resistant to hostile enchantments, unstealthy
A: no food or potions, fire vulnerability, cold resistance 1, negative energy
resistance 3, torment resistance, unbreathing
a: no special abilities


You were on level 3 of the Lair of Beasts.
You were not hungry.

You visited 2 branches of the dungeon, and saw 14 of its levels.
You also visited: Ossuary.

You collected 527 gold pieces.
You spent 404 gold pieces at shops.

Inventory:

Armour
 l - a +2 buckler
 m - a +2 helmet (worn)
 t - a +0 pair of boots (worn)
 E - a +1 cloak (worn)
Jewellery
 a - a +3 amulet of reflection {unknown}
 e - an uncursed amulet of regeneration {unknown}
 n - an uncursed ring of resist corrosion
 q - a ring of protection from magic (right hand)
 A - a +2 ring of evasion (left hand)
Wands
 f - a wand of flame (11/48)
 h - a wand of confusion (26/48)
 j - a wand of acid (9/15)
 u - a wand of iceblast (8/15)
 w - a wand of flame (16/48)
 x - a wand of flame (11/48)
 z - a wand of lightning (5/15)
Scrolls
 b - 3 scrolls of noise
 g - 2 scrolls of enchant weapon
 i - 2 scrolls of immolation
 k - 4 scrolls of fog
 o - 5 scrolls of amnesia
 p - 4 scrolls of remove curse
 y - 3 scrolls of magic mapping
 B - a scroll of brand weapon
 C - 4 scrolls of vulnerability
 F - a scroll of identify
Books
 s - a book of Unlife

   Spells                             Type                      Level
   a - Recall                         Summoning/Translocation      3
   b - Animate Dead                   Necromancy                   4
   c - Control Undead                 Necromancy                   4
   d - Cigotuvi's Embrace             Necromancy                   5
   e - Death Channel                  Necromancy                   6
   f - Simulacrum                     Ice/Necromancy               6
 v - a book of Dreams

   Spells                             Type                      Level
   a - Ensorcelled Hibernation        Hexes/Ice                    2
   b - Silence                        Hexes/Air                    5
   c - Darkness                       Hexes                        6
   d - Shadow Creatures               Summoning                    6
 D - a Necronomicon

   Spells                             Type                      Level
   a - Haunt                          Necromancy/Summoning         7
   b - Borgnjor's Revivification      Necromancy                   8
   c - Death's Door                   Charms/Necromancy            8
   d - Necromutation                  Transmutation/Necromancy     8
Comestibles
 c - 6 meat rations
 d - 4 bread rations (quivered)
 r - a royal jelly


   Skills:
 - Level 9.0 Fighting
 * Level 9.2 Dodging
 - Level 1.5 Stealth
 - Level 11.3 Unarmed Combat


You had 10 spell levels left.
You didn't know any spells.

Dungeon Overview and Level Annotations

Branches:
Dungeon (11/15)            Temple (0/1) D:6            Lair (3/8) D:10
  Swamp: Lair:3-6    Shoals: Lair:3-6     Snake: Lair:3-6    Spider: Lair:3-6
    Orc: D:9-12

Altars:
Dithmenos
Gozag
Kikubaaqudgha
Makhleb
Pakellas
Vehumet
Xom
Zin
The Shining One

Shops:
D:2 *   D:4 *[(   D:6 =

Annotations:
D:3 !orc warrior parked
D:4 !orc warrior stairparked care
D:5 !orc warrior (battleaxe) stairparked
D:6 exclusion: downstairs
D:7 !still at least 1 wandering bee care, exclusion: downstairs
D:8 !maurice, gastronok, Gastronok, Maurice
D:9 exclusion: downstairs
D:10 !tengu conjurer + warrior + green rat near lair upstairs, watch out on retur, exclusions: downstairs, troll and 8 more exclusions
D:11 !hill giant + bee pack near stairs care
Lair:1 !hydras and komodo dragons wandering, some near stairs, care


Innate Abilities, Weirdness & Mutations

You do not eat or drink.
Your flesh is vulnerable to fire.
You are immune to poison.
Your flesh is cold resistant.
You are immune to negative energy.
You are immune to unholy pain and torment.
You can survive without breathing.


Message History

You barely miss the spiny frog.
The spiny frog stings you! 2 yaks come into view.
You closely miss the spiny frog.
The yak bellows!
The yak moves out of view.
The spiny frog completely misses you.
You punch the spiny frog!
The spiny frog is moderately wounded.
The spiny frog misses you.
You closely miss the spiny frog.
The spiny frog is moderately wounded.
The spiny frog stings you!!
* * * LOW HITPOINT WARNING * * *
You punch the spiny frog!
The spiny frog is severely wounded.
The spiny frog stings you!!
* * * LOW HITPOINT WARNING * * *
Read which item? (? for menu, Esc to quit)
Okay, then.
Enter note: sigh Read which item? (? for menu, Esc to quit)
Okay, then.
Enter note: gg Unknown command.
You barely miss the spiny frog.
The spiny frog is severely wounded.
The spiny frog completely misses you.
You closely miss the spiny frog.
The spiny frog is severely wounded.
The spiny frog closely misses you.
You hit the spiny frog.
The spiny frog is severely wounded.
A giant leech comes into view.
You hit the spiny frog but do no damage.
The spiny frog is severely wounded.
The spiny frog stings you!
* * * LOW HITPOINT WARNING * * *
You closely miss the spiny frog.
The spiny frog is severely wounded.
The spiny frog stings you.
You die...

#####......# ####.. ##......###
#..... #P......## ###...
##....(..# ########...
##.......## ♣#.##..##...
....[....###### ♣.....#.....
..........#PP.♣♣♣ ♣♣...........
###.......w÷....♣♣♣♣♣......+.....
#......####.#.@FY........#.#...
#......# ######S........#####.
#..#.### #.+.#####..# .# ##.#.#
#...## #### # #...# #.##S #.#.#
.. .Y ###.# ... .. #.# F... ...
...


You could see a giant leech, a black mamba, a yak and a spiny frog.

Vanquished Creatures
  4 spiny frogs
  2 two-headed ogres (D:9)
  11 yaks
  3 basilisks
  2 hippogriffs
  A hungry ghost (D:10)
  3 water moccasins (Lair:2)
  10 porcupines
  2 orc warriors
  3 sky beasts
  7 ice beasts
  2 wasps
  3 phantoms
  10 centaurs
  2 ogres
  3 crocodiles
  2 big kobolds
  7 giant frogs
  2 water moccasin zombies (Ossuary)
  15 killer bees (D:7)
  5 wights
  3 howler monkeys
  3 crimson imps
  4 giant frog zombies
  2 quasits
  9 hounds
  4 jellies
  7 orc priests
  9 orc wizards
  A centaur skeleton (D:8)
  A giant frog skeleton (D:7)
  4 iguanas
  9 worker ants
  A killer bee zombie (D:10)
  23 sheep
  4 big kobold zombies (Ossuary)
  2 mummies (Ossuary)
  2 worker ant zombies
  A gnoll (D:3)
  11 adders
  9 river rats
  3 shadow imps
  2 oozes
  6 adder zombies (Ossuary)
  An adder skeleton (D:6)
  3 worms
  5 giant geckos
  42 orcs
  4 ball pythons
  5 bats
  6 giant cockroaches
  9 goblins
  6 hobgoblins
  12 jackals
  2 quokkas (D:7)
  6 giant newts
  2 gnoll zombies (Ossuary)
  5 hobgoblin zombies (Ossuary)
  A jackal skeleton (D:7)
  15 kobolds
  3 kobold zombies (Ossuary)
  6 orc zombies (Ossuary)
  2 quokka skeletons
  A quokka zombie (D:6)
  7 rats
362 creatures vanquished.

Vanquished Creatures (others)
  A gnoll zombie (Ossuary)
  A hobgoblin zombie (Ossuary)
  An orc zombie (Ossuary)
  9 fungi
  4 plants
16 creatures vanquished.

Grand Total: 378 creatures vanquished

Notes
Turn   | Place    | Note
--------------------------------------------------------------
     0 | D:1      | Implojin the Mummy Monk began the quest for the Orb.
     0 | D:1      | Reached XP level 1. HP: 18/18 MP: 1/1
   531 | D:1      | Reached XP level 2. HP: 17/24 MP: 2/2
   999 | D:1      | Reached skill level 4 in Unarmed Combat
  1420 | D:1      | Reached XP level 3. HP: 26/29 MP: 3/3
  2241 | D:2      | Found an opulent altar of Gozag.
  2243 | D:2      | Found Gozag's Platinum Reserve.
  2547 | D:2      | Found an ancient bone altar of Kikubaaqudgha.
  2548 | D:2      | Found a shimmering altar of Xom.
  2585 | D:2      | Found a shadowy altar of Dithmenos.
  2586 | D:2      | Found a glowing silver altar of Zin.
  3351 | D:3      | Noticed an ice beast
  4389 | D:2      | Found an opulent altar of Gozag.
  4391 | D:2      | Found Gozag's Platinum Reserve.
  4939 | D:2      | Found an ancient bone altar of Kikubaaqudgha.
  4940 | D:2      | Found a shimmering altar of Xom.
  4977 | D:2      | Found a shadowy altar of Dithmenos.
  5237 | D:2      | Found a glowing silver altar of Zin.
  5486 | D:2      | Reached XP level 4. HP: 32/35 MP: 4/4
  5562 | D:3      | Found a radiant altar of Vehumet.
  5563 | D:3      | Found a burning altar of Makhleb.
  5876 | D:3      | Reached skill level 5 in Unarmed Combat
  6334 | D:4      | Noticed a phantom
  6831 | D:2      | HP: 1/35 [phantom (6)]
  7206 | D:4      | Found Pitu's Weapon Emporium.
  7234 | D:4      | Reached XP level 5. HP: 37/41 MP: 5/5
  7574 | D:4      | Found Pemeselo's Armour Shoppe.
  7584 | D:4      | Bought a +0 cloak for 63 gold pieces
  7729 | D:4      | hmm
  7915 | D:4      | Found a glowing golden altar of the Shining One.
  8011 | D:4      | Found Ikasm's Assorted Antiques.
  8058 | D:5      | Entered Level 5 of the Dungeon
  8206 | D:5      | Found a sand-covered staircase.
  8222 | Ossuary  | Entered an ossuary
  8349 | Ossuary  | Reached skill level 6 in Unarmed Combat
  8349 | Ossuary  | Reached XP level 6. HP: 16/47 MP: 6/6
  9095 | Ossuary  | Reached skill level 4 in Fighting
  9678 | D:5      | Reached skill level 5 in Fighting
 10129 | D:4      | Reached XP level 7. HP: 38/56 MP: 7/7
 11456 | D:5      | Reached skill level 6 in Fighting
 11526 | D:6      | Found a staircase to the Ecumenical Temple.
 12903 | D:4      | Reached skill level 7 in Unarmed Combat
 13037 | D:5      | Reached skill level 3 in Dodging
 13037 | D:5      | Reached XP level 8. HP: 44/64 MP: 8/8
 13150 | D:5      | come on
 14178 | D:5      | Reached skill level 4 in Dodging
 15111 | D:6      | Found Biruc's Jewellery Shop.
 15157 | D:6      | Found an oddly glowing altar of Pakellas.
 15522 | D:7      | Reached skill level 5 in Dodging
 16202 | D:5      | asdfghjkl
 16487 | D:5      | Reached skill level 6 in Dodging
 16577 | D:7      | asdfghjkl
 17683 | D:4      | Bought a +2 helmet for 231 gold pieces
 17858 | D:2      | Reached skill level 7 in Fighting
 17858 | D:2      | Reached XP level 9. HP: 61/72 MP: 9/9
 18854 | D:8      | Noticed Gastronok
 19222 | D:7      | Reached skill level 8 in Fighting
 19642 | D:7      | oops
 20777 | D:7      | Reached skill level 8 in Unarmed Combat
 21175 | D:8      | Noticed Maurice
 21611 | D:8      | Reached skill level 9 in Unarmed Combat
 21731 | D:9      | this is a bad idea
 21731 | D:9      | RIP
 21776 | D:9      | Reached XP level 10. HP: 82/82 MP: 10/10
 22708 | D:9      | Reached skill level 7 in Dodging
 23474 | D:10     | Entered Level 10 of the Dungeon
 24472 | D:7      | Reached skill level 8 in Dodging
 24805 | D:9      | Reached skill level 9 in Fighting
 25785 | D:10     | Found a staircase to the Lair.
 26100 | D:10     | Reached skill level 10 in Unarmed Combat
 26434 | D:9      | welp
 26914 | D:6      | Bought a +2 ring of evasion for 110 gold pieces
 27374 | D:11     | Noticed a hill giant
 27495 | D:10     | Noticed a tengu warrior
 27514 | Lair:1   | Entered Level 1 of the Lair of Beasts
 27706 | Lair:2   | Noticed a spiny frog
 27708 | Lair:2   | welp
 27708 | Lair:2   | no escapes
 27708 | Lair:2   | no hope
 27708 | Lair:2   | have to trust the EV
 27740 | Lair:2   | Killed a spiny frog
 27740 | Lair:2   | Reached XP level 11. HP: 22/89 MP: 11/11
 28025 | Lair:2   | good
 29319 | Lair:2   | Reached skill level 9 in Dodging
 29975 | Lair:1   | Noticed a seven-headed hydra
 30034 | Lair:1   | door tech too stronk
 30888 | Lair:1   | nice time to doubleturn
 31042 | Lair:1   | maybe that wasnt a smart pull
 31042 | Lair:1   | it definitely wasnt a smart pull
 31042 | Lair:1   | welp
 31042 | Lair:1   | have to fight now
 31451 | Lair:1   | rip
 31912 | Lair:2   | hmm
 32431 | Lair:1   | fun
 32678 | Lair:2   | Reached skill level 11 in Unarmed Combat
 33054 | Lair:3   | shit
 34183 | Lair:3   | sigh
 34183 | Lair:3   | gg
 34186 | Lair:3   | HP: 2/89 [spiny frog (14)]
 34187 | Lair:3   | Slain by a spiny frog

Skill      XL: |  1  2  3  4  5  6  7  8  9 10 11 |
---------------+----------------------------------+-----
Unarmed Combat | 4 5 6 7 9 10 11 | 11.3
Fighting       | 5 6 7 8 9 |  9.0
Dodging        | 3 6 8 9 |  9.2
Stealth        | |  1.5

Action                   |  1- 3 |  4- 6 |  7- 9 | 10-12 || total
-------------------------+-------+-------+-------+-------++-------
Melee: Unarmed           |   206 |   333 |   808 |   801 ||  2148
       Punch             |     3 |     8 |    33 |    48 ||    92
  Use: Scroll            |       |    10 |     6 |     5 ||    21
 Stab: Sleeping          |     4 |     2 |     2 |       ||     8
       Distracted        |       |       |     1 |     1 ||     2
Armor: Skin              |       |     8 |    58 |    86 ||   152
Dodge: Dodged            |   123 |   157 |   541 |   514 ||  1335

Table legend:
 A = Turns spent in this place as a percentage of turns spent in the entire game.
 B = Non-inter-level travel turns spent in this place as a percentage of non-inter-level travel turns spent in the entire game.
 C = Inter-level travel turns spent in this place as a percentage of turns spent in this place.
 D = Turns resting spent in this place as a percentage of non-inter-level travel turns spent in this place.
 E = Turns spent auto-exploring this place as a percentage of non-inter-level travel turns spent in this place.
 F = Non-inter-level travel turns spent in this place divided by the number of levels of this place that you've seen.
                   A       B       C       D       E      F
               +-------+-------+-------+-------+-------+----------------------
         Total | 100.0 | 100.0 |   0.3 |   2.9 |   1.3 | 1074.1
       Dungeon |  71.5 |  71.4 |   0.4 |   3.2 |   1.6 | 1045.4
          Lair |  25.1 |  25.1 |   0.0 |   2.1 |   0.6 | 1349.3
       Ossuary |   3.5 |   3.5 |   0.0 |   4.2 |   0.2 | 565.0
               +-------+-------+-------+-------+-------+----------------------

Table legend:
 A = Kills in this place as a percentage of kills in entire the game.
 B = Kills by you in this place as a percentage of kills by you in the entire game.
 C = Kills by friends in this place as a percentage of kills by friends in the entire game.
 D = Other kills in this place as a percentage of other kills in the entire game.
 E = Experience gained in this place as a percentage of experience gained in the entire game.
 F = Experience gained in this place divided by the number of levels of this place that you have seen.
                   A       B       C       D       E      F
               +-------+-------+-------+-------+-------+----------------------
         Total | 100.0 | 100.0 |  -nan |  -nan | 100.0 | 1153.4
       Dungeon |  75.4 |  75.4 |  -nan |  -nan |  57.9 | 910.3
          Lair |  16.3 |  16.3 |  -nan |  -nan |  40.1 | 2315.0
       Ossuary |   8.3 |   8.3 |  -nan |  -nan |   2.0 | 343.0
               +-------+-------+-------+-------+-------+----------------------
